 Dungeon Crawl Stone Soup version 0.29-a0-271-gd4eb659eea (webtiles) character file.

Game seed: 3596768092026583775

544 kae the Sneak (level 7, -9/35 HPs)
             Began as a Spriggan Enchanter on Mar 8, 2022.
             Mangled by a two-headed ogre
             ... wielding a +0 giant club
              (21 damage)
             ... on level 5 of the Dungeon.
             The game lasted 00:03:26 (5308 turns).

kae the Sneak (Spriggan Enchanter)                  Turns: 5308, Time: 00:03:27

Health: -9/35      AC:  3    Str:  6    XL:     7   Next: 6%
Magic:  6/14       EV: 18    Int: 17    God:
Gold:   135        SH:  0    Dex: 15    Spells: 6/14 levels left

rFire   . . .      SeeInvis +   a - +2 dagger
rCold   . . .      Faith    .   (no shield)
rNeg    . . .      Spirit   .   b - +1 robe
rPois   .          Reflect  .   (helmet restricted)
rElec   .          Harm     .   (no cloak)
rCorr   .          Rampage  .   (gloves unavailable)
Will    +++..                   (boots unavailable)
Stlth   +++.......              (no amulet)
HPRegen 0.11/turn               g - ring of willpower
MPRegen 0.14/turn               d - ring of willpower

@: invisible, very quick
A: very small, no large weapons, unfitting armour, see invisible, speed 3
a: no special abilities


You were on level 5 of the Dungeon.
You visited 1 branch of the dungeon, and saw 5 of its levels.

You collected 135 gold pieces.

Inventory:

Hand Weapons
 a - a +2 dagger (weapon)
Missiles
 n - 2 throwing nets (quivered)
Armour
 b - a +1 robe (worn)
Jewellery
 d - a ring of willpower (right hand)
 g - a ring of willpower (left hand)
 m - a +6 ring of intelligence
Scrolls
 k - a scroll of amnesia
Potions
 c - a potion of invisibility
 e - a potion of might {unknown}
 f - a potion of brilliance {unknown}
 h - 2 potions of attraction {unknown}
 i - a potion of degeneration {unknown}
 j - 3 potions of curing {unknown}


   Skills:
 + Level 2.1 Fighting
 * Level 4.4 Short Blades
 + Level 4.3 Dodging
 + Level 6.3 Stealth
 + Level 4.2 Spellcasting
 + Level 4.8 Hexes


You had 6 spell levels left.
You knew the following spells:

 Your Spells              Type           Power      Damage    Failure   Level
a - Ensorcelled Hibernat  Hex/Ice        22%        N/A       9%          2
b - Confusing Touch       Hex            20%        N/A       6%          3
c - Tukima's Dance        Hex            20%        N/A       6%          3

Your spell library contained the following spells:

 Spells                   Type           Power      Damage    Failure   Level
 Dazzling Flash           Conj/Hex       22%        N/A       17%         3


Dungeon Overview and Level Annotations

Branches:
Dungeon (5/15)
 Temple: D:4-7

Altars:
Ashenzari
Okawaru

Shops:
D:1 !   D:2 [

Annotations:
D:5 exclusion: phantom, Edmund


Innate Abilities, Weirdness & Mutations

You are very small and have problems with some larger weapons.
You are too small for most types of armour.
You have supernaturally acute eyesight. (SInv)
You cover ground extremely quickly. (Speed+++)


Message History

There is an entrance to a sewer on this level.
Hurry and find it before the portal rusts away!
Level annotation: exclusion: phantom, Edmund You hear the slow rusting of a distant drain.
There is a stone staircase leading up here.
Unknown command.
Unknown command.
Casting: Ensorcelled Hibernation (safe; 9% risk of failure)
Confirm with . or Enter, or press ? or * to list all spells.
Aiming: Ensorcelled Hibernation (safe; 9% risk of failure)
Press: ? - help, Shift-Dir - straight line, f - two-headed ogre
Aim: a two-headed ogre, wielding a +0 giant club and a +0 giant spiked club (chance to affect: 28%)
The two-headed ogre easily resists.
Casting: Ensorcelled Hibernation (safe; 9% risk of failure)
Confirm with . or Enter, or press ? or * to list all spells.
Aiming: Ensorcelled Hibernation (safe; 9% risk of failure)
Press: ? - help, Shift-Dir - straight line, f/p - two-headed ogre
Aim: a two-headed ogre, wielding a +0 giant club and a +0 giant spiked club (chance to affect: 28%)
The two-headed ogre easily resists.
Casting: Ensorcelled Hibernation (safe; 9% risk of failure)
Confirm with . or Enter, or press ? or * to list all spells.
Aiming: Ensorcelled Hibernation (safe; 9% risk of failure)
Press: ? - help, Shift-Dir - straight line, f/p - two-headed ogre
Aim: a two-headed ogre, wielding a +0 giant club and a +0 giant spiked club (chance to affect: 28%)
The two-headed ogre looks drowsy...
The helpless two-headed ogre fails to defend itself.
You stick the two-headed ogre like a pincushion!!!
The two-headed ogre is almost dead.
The two-headed ogre hits you with a +0 giant club!!
Ouch! That really hurt!
The two-headed ogre misses you.
There is a stone staircase leading up here.
You aren't carrying any items that you can evoke.
Okay, then.
You fade into invisibility!
You barely miss the two-headed ogre.
The two-headed ogre is severely wounded.
The two-headed ogre misses you.
The two-headed ogre hits you with a +0 giant spiked club!!
Ouch! That really hurt!
You die...

...........#..#...#
..............# .#
..............# #...##
.#...##.......# 8...8
#..........### ####...# ##
#........[.#8###8##...##8##
...........................
##.......O..........⌠......
#........@...............W
...##......#8###8##...#
....#......########...##
...........#...#8...8#
###............##...##
.....(.........##...#
.#.##..#......##...##
......####.....#8...8#
...... ###...##...##


You could see a two-headed ogre (can't see you).

Vanquished Creatures
  Eustachio (D:5)
  An ogre (D:3)
  A jelly (D:4)
  An orc priest (D:2)
  A gnoll shaman (D:4)
  A hound (D:4)
  An iguana (D:4)
  3 gnolls (D:4)
  4 adders
  2 worms (D:3)
  5 dart slugs
  5 orcs
  7 bats
  6 endoplasms
  2 giant cockroaches (D:1)
  9 goblins
  5 hobgoblins
  6 jackals
  5 quokkas
  9 ball pythons
  5 frilled lizards
  8 kobolds
  4 rats
92 creatures vanquished.

Notes
Turn   | Place    | Note
-------+----------+-------------------------------------------
     0 | D:1      | kae the Spriggan Enchanter began the quest for the Orb.
     0 | D:1      | Reached XP level 1. HP: 9/9 MP: 5/5
    73 | D:1      | Found a faded altar of an unknown god.
    83 | D:1      | Reached XP level 2. HP: 11/13 MP: 6/6
   499 | D:1      | Learned a level 2 spell: Ensorcelled Hibernation
   511 | D:1      | Found Ucloufy's Distillery.
   869 | D:1      | Reached XP level 3. HP: 17/17 MP: 8/8
  2323 | D:2      | Found Jucleil's Antique Armour Shop.
  2447 | D:2      | Reached skill level 1 in Fighting
  2447 | D:2      | Reached skill level 5 in Stealth
  2447 | D:2      | Reached XP level 4. HP: 8/22 MP: 2/9
  2863 | D:3      | Found an iron altar of Okawaru.
  3117 | D:3      | Noticed an ogre
  3119 | D:3      | Killed an ogre
  3120 | D:3      | Reached XP level 5. HP: 25/25 MP: 9/11
  3653 | D:3      | Learned a level 3 spell: Confusing Touch
  3657 | D:3      | Learned a level 3 spell: Tukima's Dance
  3693 | D:4      | Identified the +1 ring mail of Xugaim {Dex+2}
  4127 | D:4      | Reached XP level 6. HP: 28/30 MP: 5/12
  4578 | D:4      | Found a broken altar of Ashenzari.
  4863 | D:4      | Reached skill level 6 in Stealth
  5115 | D:5      | Entered Level 5 of the Dungeon
  5156 | D:5      | Noticed Eustachio
  5175 | D:5      | Killed Eustachio
  5176 | D:5      | Reached XP level 7. HP: 33/35 MP: 6/14
  5178 | D:5      | Noticed Edmund
  5183 | D:5      | Noticed a two-headed ogre
  5243 | D:5      | Noticed a vampire mosquito
  5243 | D:5      | Noticed a vampire mosquito
  5243 | D:5      | Noticed a vampire mosquito
  5244 | D:5      | Noticed a vampire mosquito
  5308 | D:5      | Mangled by a two-headed ogre

Illustrated notes

Levels and vault maps discovered:
D:1:      eino_arrival_cavern_d, layout_basic, serial_shops,
          nicolae_shop_temple_entry_statues_fountains,
          hellmonk_ecumenical_altar_blasted
D:2:      layout_loops_corners, serial_shops, shop
D:3:      layout_loops_ring, okawaru_trees_1
D:4:      layout_basic, nicolae_ashenzari_skybound
D:5:      layout_cave_pools, minmay_temple_entry_offerings,
          portal_sewer_entry_a, serial_shops, nicolae_shop_waterfront,
          corexii_hall_statues_x, uniq_blork_the_orc, uniq_pikel, uniq_edmund,
          uniq_eustachio

Skill      XL: |  1  2  3  4  5  6 |
---------------+-------------------+-----
Short Blades   | 2 3 4 |  4.4
Dodging        | 3 4 |  4.3
Spellcasting   | 3 4 |  4.2
Fighting       | 1 2 |  2.1
Stealth        | 5 6 |  6.3
Hexes          | 4 |  4.8

Action                   |  1- 3 |  4- 6 |  7- 9 || total
-------------------------+-------+-------+-------++-------
Melee: Dagger            |   150 |   103 |     5 ||   258
       Punch             |     1 |     1 |       ||     2
 Cast: Ensorcelled Hiber |     7 |    36 |     5 ||    48
       Confusing Touch   |       |     1 |       ||     1
  Use: Scroll            |     4 |     2 |       ||     6
       Potion            |       |       |     1 ||     1
 Stab: Sleeping          |    16 |    29 |     2 ||    47
Armor: Robe              |    22 |     2 |       ||    24
Dodge: Dodged            |    98 |    74 |     5 ||   177

Table legend: (Time is in decaauts)
 A = Elapsed time spent in this place.
 B = Non-inter-level travel time spent in this place.
 C = Inter-level travel time spent in this place.
 D = Time resting spent in this place.
 E = Time spent auto-exploring this place.
 F = Levels seen in this place.
 G = Mean time per level.
                   A        B        C        D        E       F      G
               +--------+--------+--------+--------+--------+-----+--------+
         Total |   4163 |   3978 |    185 |   1215 |   2131 |   5 |  832.6 |
       Dungeon |   4163 |   3978 |    185 |   1215 |   2131 |   5 |  832.6 |
               +--------+--------+--------+--------+--------+-----+--------+

Top non-repeatable levels by time:
     D:2: 1284 daAuts
     D:4: 978 daAuts
     D:3: 930 daAuts
     D:1: 907 daAuts
     D:5: 63 daAuts
